Cogmind - Beta 12 @@@ ROGUE MODE // 2023.03.27 @ 11:51:06 // Winter2019/RPGLIKE Player: ArabianSandBoa Result: Self-destructed Performance ------------- Evolutions (1) 500 Regions Visited (5) 1000 Robots Destroyed (165) 825 Value Destroyed (5034) 5034 Prototype IDs (30) 600 Alien Tech Used (0) 0 Bonus (1134) 1134 TOTAL SCORE: 9093 Bonus ------- High Alert Combat Kills 1560 Aligned with FarCom 300 Friendly Fire -726 Cogmind --------- Core Integrity 114/600 Matter 89/300 Energy 148/150 System Corruption 9% Temperature Cool (6) Movement Flying (34) Location -9/Exiles Parts ------- > --- POWER (1) -------- Light Angular Momentum Engine > --- PROPULSION (6) --- VTOL Module VTOL Module Flying Fortress v7 > --- UTILITY (5) ------ Cooling System Targeting Computer Targeting Computer Target Analyzer Shield Generator > --- WEAPON (4) ------- Autogun Autogun Gauss Rifle Flak Gun > --- INVENTORY (2) ---- Protomatter-32 Peak State ------------ > --- POWER ------------ Light Angular Momentum Engine > --- PROPULSION ------- VTOL Module VTOL Module Flying Fortress v7 > --- UTILITY ---------- Cooling System Targeting Computer Targeting Computer Target Analyzer Shield Generator > --- WEAPON ----------- Autogun Autogun Gauss Rifle Flak Gun > --- INVENTORY -------- Protomatter [Rating: 62] Favorites ----------- Power Light Nuclear Core Engine Light Ion Engine Power Core Light Nuclear Core Propulsion Flight Unit Leg Aluminum Leg Flight Unit Flight Unit Utility Targeting Computer Device Improved Terrain Scanner Processor Targeting Computer Hackware Hacking Suite Weapon Autogun Energy Gun Spread Laser Ballistic Gun Autogun Launcher Grenade Launcher Impact Weapon Maul Build | -11 -10 -10 -9 -9 -9 ------- Run | Jun Mat Min Mat Min Exi Slots Evolved 12 | 4 4 . 4 . . Power . | . . . . . . Propulsion 5 | 1 3 . 1 . . Utility 4 | 3 . . 1 . . Weapon 3 | . 1 . 2 . . Parts Attached 64 | 3 12 4 29 9 7 Power 6 | 1 1 . 2 2 . Engine 5 | 1 1 . 1 2 . Core 1 | . . . 1 . . Reactor . | . . . . . . Propulsion 20 | . 6 2 9 2 1 Treads . | . . . . . . Leg . | . . . . . . Wheel . | . . . . . . Hover . | . . . . . . Flight 20 | . 6 2 9 2 1 Utility 13 | 2 3 . 4 3 1 Device 7 | 2 1 . 3 1 . Storage . | . . . . . . Processor 5 | . 1 . 1 2 1 Hackware 1 | . 1 . . . . Protection . | . . . . . . Artifact . | . . . . . . Weapon 25 | . 2 2 14 2 5 Energy Gun 5 | . . . 5 . . Energy Cannon . | . . . . . . Ballistic Gun 16 | . 1 2 7 1 5 Ballistic Cannon . | . . . . . . Launcher 3 | . 1 . 2 . . Special Weapon . | . . . . . . Impact Weapon 1 | . . . . 1 . Slashing Weapon . | . . . . . . Piercing Weapon . | . . . . . . Special Melee Weapon . | . . . . . . Unidentified Prototypes . | . . . . . . Parts Lost 5 | . 1 . 4 . . Power 1 | . 1 . . . . Propulsion 4 | . . . 4 . . Utility . | . . . . . . Weapon . | . . . . . . Highest Loss Streak 1 | . 1 . 1 . . To Critical Strikes . | . . . . . . Average Slot Usage (%) 91 | . 86 99 93 99 79 Engine 3 | . 7 8 1 2 6 Core 2 | . . . 4 3 . Flight 31 | . 30 40 32 37 19 Device 17 | . 21 16 18 14 12 Processor 9 | . 7 8 6 15 18 Hackware 4 | . 7 8 5 . . Energy Gun 2 | . . . 5 . . Ballistic Gun 13 | . 1 9 14 21 22 Launcher 2 | . 10 6 . . . Naked Turns . | . . . . . . Heaviest Build 27 | 7 10 10 23 26 27 Greatest Support 63 | 10 21 25 29 29 63 Greatest Overweight (x) 1 | . . . 1 . . Average Overweight (x) . | . . . . . . Largest Inventory Capacity 2 | . 1 1 2 2 2 Average Capacity 1 | . . 1 1 2 2 Most Carried 2 | . 1 1 2 2 2 Average Carried 1 | . . 1 1 1 1 Final Capacity 2 | . 1 1 2 2 2 Final Carried 2 | . 1 1 2 2 1 Class Distribution -------------------- 53% | Scavenger-Sprinter 18% | Scavenger-Mutant 11% | Scavenger-Scout 7% | Gunner 5% | Mutant 3% | Scavenger-Skirmisher Dominant Class ---------------- Scavenger-Mutant | -10/Materials Scavenger-Scout | -10/Mines Scavenger-Sprinter | -9/Materials Scavenger-Sprinter | -9/Mines Gunner | -9/Exiles Resources | -11 -10 -10 -9 -9 -9 ----------- Run | Jun Mat Min Mat Min Exi Matter Collected 3900 | 265 692 96 1762 379 706 Remotely . | . . . . . . Salvage Created 4449 | 150 431 48 2415 454 951 Parts 302 | 11 42 1 141 40 67 Haulers Intercepted 6 | . 2 . 4 . . Recyclers Shooed 4 | . 1 . 3 . . Parts Field Recycled . | . . . . . . Retrieved Matter . | . . . . . . Parts Self-Destructed . | . . . . . . Prevented . | . . . . . . Kills | -11 -10 -10 -9 -9 -9 ------- Run | Jun Mat Min Mat Min Exi Combat Hostiles Destroyed 139 | . 18 17 55 16 33 Melee 2 | . . . . 2 . Guns 94 | . . . 48 13 33 AOE 42 | . 18 17 7 . . Classes Destroyed 18 | 2 7 1 5 . 3 Worker 6 | . 3 . 2 1 . Builder 3 | . . . 3 . . Tunneler 5 | 3 1 . 1 . . Hauler 6 | . 2 . 4 . . Recycler 9 | 1 1 . 5 2 . Mechanic 2 | . 1 . 1 . . Operator 4 | . 2 . 2 . . Watcher 8 | . 3 . 5 . . Swarmer 26 | . 8 2 9 7 . Grunt 61 | . 10 . 29 9 13 Brawler 6 | . . . 4 . 2 Duelist 3 | . . . 2 . 1 Protector 2 | . . . 2 . . Sentry 9 | . . . 9 . . Demolisher 1 | . . . . . 1 Hunter 8 | . . . . . 8 Programmer 7 | . . . . . 7 Assembled 16 | . . 15 . . 1 Thug 3 | . . . . 3 . Best Kill Streak 16 | 2 13 16 10 5 16 Combat Bots Only 16 | . 10 16 8 4 16 Max Kills in Single Turn 4 | 1 4 4 2 2 2 Gunslinging 1 | . . . . 1 1 Exploded 4 | . 3 4 2 . . Melee 1 | . . . . 1 . Uniques/NPCs Destroyed . | . . . . . . Combat | -11 -10 -10 -9 -9 -9 -------- Run | Jun Mat Min Mat Min Exi Damage Taken 3809 | . 481 225 1190 113 1800 Core 3024 | . 385 179 973 90 1397 Absorbed by Shields 622 | . . . 87 47 488 Redirected to Core 2516 | . 269 150 725 69 1303 Core Remaining (%) 83 | 100 . 67 . . . Volleys Fired 416 | 15 70 13 234 33 51 Largest 4 | 1 1 1 3 4 4 Hottest 112 | 20 30 30 112 98 102 Shots Fired 755 | 15 70 13 401 90 166 Gun 663 | 15 1 . 391 90 166 Cannon . | . . . . . . Launcher 92 | . 69 13 10 . . Special . | . . . . . . Kinetic 553 | 15 1 . 281 90 166 Thermal 95 | . . . 95 . . Explosive 92 | . 69 13 10 . . Electromagnetic 15 | . . . 15 . . Robot Hit Streak 24 | 4 10 15 18 24 19 Robot Miss Streak 7 | 4 2 1 7 4 4 Penetration Max 1 | . . . . . 1 Secondary Targets 17 | . . . . 3 14 Max Gunslinging Chain 1 | . . . . 1 1 Shots Hit Robots 455 | 8 14 7 221 63 142 Core Hits 379 | 5 42 34 188 33 77 Critical Kills 2 | . . . . 1 1 Critical Parts Destroyed 5 | . . . 1 3 1 Critical Strikes 7 | . . . 1 4 2 Destroy 4 | . . . 1 1 2 Smash 3 | . . . . 3 . Melee Attacks 11 | . . . . 11 . Impact 11 | . . . . 11 . Slashing . | . . . . . . Piercing . | . . . . . . Sneak Attacks . | . . . . . . Combat Hostiles . | . . . . . . Follow-up Attacks . | . . . . . . Damage Inflicted 12762 | 95 2176 1136 4959 1548 2848 Guns 8395 | 95 . . 4328 1124 2848 Cannons . | . . . . . . Explosions 3943 | . 2176 1136 631 . . Melee 424 | . . . . 424 . Ramming . | . . . . . . Kinetic 7455 | 95 . . 3388 1124 2848 Thermal 943 | . 96 . 847 . . Explosive 3792 | . 2080 1136 576 . . Electromagnetic 148 | . . . 148 . . Impact 424 | . . . . 424 . Slashing . | . . . . . . Piercing . | . . . . . . Highest Corruption 9 | . . . 1 1 9 Average Corruption 1 | . . . 1 1 3 Corruption Purged . | . . . . . . Corruption Blocked . | . . . . . . Effects 11 | . . . 1 2 8 Message Errors 2 | . . . . 2 . Matter Fused 1 | . . . . . 1 Heat Flow Errors 3 | . . . . . 3 Energy Discharges 3 | . . . 1 . 2 Misfires 1 | . . . . . 1 Weapon Failures 1 | . . . . . 1 Overload Shots . | . . . . . . Overflow Damage 346 | . 93 26 38 189 . Projectiles . | . . . . . . Explosions 157 | . 93 26 38 . . Melee 189 | . . . . 189 . Knockbacks 2 | . . . . 2 . Impact 2 | . . . . 2 . Kinetic . | . . . . . . Secondary . | . . . . . . Self-Inflicted Damage 114 | . 50 3 61 . . Shots 5 | . 2 1 2 . . Rammed . | . . . . . . Targets Rammed . | . . . . . . Kicked . | . . . . . . Crushed . | . . . . . . Highest Temperature 237 | . 11 95 237 26 218 Average Temperature 45 | . 4 50 54 5 54 Received Heat Transfer 747 | . 66 . 529 34 118 Effects 3 | . . . 3 . . Interference 3 | . . . 3 . . Siege Activations . | . . . . . . Robots Corrupted . | . . . . . . Combat Hostiles . | . . . . . . Parts Fried 2 | . . . . 2 . Impact Corruptions 6 | . . . . 6 . Robots Melted . | . . . . . . Combat Hostiles . | . . . . . . Parts Melted . | . . . . . . Heat Transferred 1163 | . 100 . 1063 . . Parts Sabotaged . | . . . . . . Parts Stolen . | . . . . . . Parts Stripped . | . . . . . . Power Chain Reactions 2 | . . . 2 . . Missiles Intercepted . | . . . . . . Alert | -11 -10 -10 -9 -9 -9 ------- Run | Jun Mat Min Mat Min Exi Peak Influence 2017 | 20 1270 625 2017 1298 . Initial 727 | . 13 495 243 727 . Average 1072 | 7 825 564 1264 1111 . Maximum Alert Level 5 | . 4 2 5 4 . Low Security (%) 5 | 100 13 . . . . Level 1 5 | . 4 . 7 . . Level 2 12 | . 7 100 10 . . Level 3 29 | . 49 . 20 47 . Level 4 25 | . 24 . 22 52 . Level 5 21 | . . . 38 . . High Security . | . . . . . . Max Security . | . . . . . . Sterilizations 1 | . . . 1 . . Squads Dispatched 19 | . 6 . 11 2 . Investigation 14 | . 4 . 8 2 . Extermination . | . . . . . . Reinforcement 2 | . 2 . . . . Assault 3 | . . . 3 . . Garrison . | . . . . . . Intercept . | . . . . . . Searches Triggered . | . . . . . . Construction Impeded . | . . . . . . Haulers Reinforced . | . . . . . . Active Scanning Responses . | . . . . . . Cargo Convoy Interrupts . | . . . . . . Stealth | -11 -10 -10 -9 -9 -9 --------- Run | Jun Mat Min Mat Min Exi Distress Signals 7 | . 3 . 4 . . Communications Jammed . | . . . . . . Distress Signals . | . . . . . . Times Spotted 213 | . 28 27 83 15 60 Peak Tracking Total 22 | . 8 20 8 4 22 Tactical Retreats 14 | . 2 1 8 2 1 Traps | -11 -10 -10 -9 -9 -9 ------- Run | Jun Mat Min Mat Min Exi Traps Triggered 5 | . 3 . 2 . . Indirectly . | . . . . . . Trap Hack Attempts . | . . . . . . Triggered . | . . . . . . Disarmed . | . . . . . . Reprogrammed . | . . . . . . Reused . | . . . . . . Traps Extracted . | . . . . . . Installed . | . . . . . . Triggered . | . . . . . . Exploded 3 | . . . . . 3 Machines | -11 -10 -10 -9 -9 -9 ---------- Run | Jun Mat Min Mat Min Exi Machines Disabled 71 | . 27 2 34 6 2 Max in Single Turn 3 | . 2 1 3 1 1 Machines Repaired . | . . . . . . Machines Sabotaged . | . . . . . . Overloaded Fab Kills . | . . . . . . Hacking | -11 -10 -10 -9 -9 -9 --------- Run | Jun Mat Min Mat Min Exi Machines Accessed 22 | . 5 . 14 2 1 Terminals 16 | . 4 . 11 1 . Fabricators . | . . . . . . Repair Stations . | . . . . . . Recycling Units 3 | . 1 . 2 . . Scanalyzers 1 | . . . 1 . . Garrison Access . | . . . . . . Total Hacks 98 | . 32 . 61 4 1 Successful 65 | . 22 . 39 3 1 Failed 33 | . 10 . 22 1 . Catastrophic 5 | . . . 5 . . Database Lockouts . | . . . . . . Manual 39 | . 21 . 16 1 1 Terminals 77 | . 27 . 47 3 . Fabricators . | . . . . . . Repair Stations . | . . . . . . Recycling Units 15 | . 5 . 10 . . Scanalyzers 4 | . . . 4 . . Garrison Access . | . . . . . . Terminal Hacks 38 | . 13 . 22 2 1 Record 3 | . 1 . 2 . . Robot Analysis 9 | . 7 . 2 . . Prototype ID Bank 4 | . 1 . 3 . . Open Door 1 | . . . . 1 . Branch Access Points 1 | . . . 1 . . Emergency Access Points 3 | . 1 . 2 . . Machine Index 1 | . . . 1 . . Repair Station Index 1 | . . . 1 . . Unreport Threat 4 | . . . 4 . . Locate Traps 1 | . . . 1 . . Dispatch Records 1 | . 1 . . . . Maintenance Status 1 | . . . 1 . . Hauler Manifests 1 | . . . 1 . . Registered Components 2 | . 1 . 1 . . Registered Prototypes 1 | . . . 1 . . Zone Layout 3 | . 1 . 1 1 . EX-Prototype ID Bank 1 | . . . . . 1 Fabricator Hacks . | . . . . . . Repair Station Hacks . | . . . . . . Recycling Unit Hacks 3 | . 1 . 2 . . Report Inventory 3 | . 1 . 2 . . Scanalyzer 4 | . . . 4 . . Insert Component 2 | . . . 2 . . Analyze 2 | . . . 2 . . Garrison Access Hacks . | . . . . . . Unauthorized Hacks 20 | . 8 . 11 1 . Terminals 8 | . 4 . 3 1 . Botnet 5 | . 3 . 2 . . Sabotage 2 | . 1 . . 1 . Search 1 | . . . 1 . . Fabricators . | . . . . . . Repair Stations . | . . . . . . Recycling Units 12 | . 4 . 8 . . Monitor 3 | . 1 . 2 . . Reject 3 | . 1 . 2 . . Mask 3 | . 1 . 2 . . Tunnel 3 | . 1 . 2 . . Scanalyzers . | . . . . . . Garrison Access . | . . . . . . Data Cores Recovered . | . . . . . . Used . | . . . . . . Hacking Detections 18 | . 4 . 13 1 . Full Trace Events 9 | . 1 . 8 . . Feedback Events 1 | . . . 1 . . Corruption 1 | . . . 1 . . Feedback Blocked . | . . . . . . Robot Schematics Acquired . | . . . . . . Robots Built . | . . . . . . Authchips . | . . . . . . Time . | . . . . . . Total Robot Build Rating . | . . . . . . Part Schematics Acquired 2 | . . . 2 . . Parts Built . | . . . . . . Authchips . | . . . . . . Time . | . . . . . . Total Part Build Rating . | . . . . . . Parts Repaired . | . . . . . . Time . | . . . . . . Parts Recycled . | . . . . . . Recycled Matter . | . . . . . . Retrieved Matter . | . . . . . . Retrieved Components . | . . . . . . Parts Scanalyzed 2 | . . . 2 . . Part Schematics Acquired 2 | . . . 2 . . Parts Damaged . | . . . . . . Bothacking | -11 -10 -10 -9 -9 -9 ------------ Run | Jun Mat Min Mat Min Exi Used RIF Installer . | . . . . . . Robots Hacked . | . . . . . . Non-combat . | . . . . . . Combat . | . . . . . . Robot Hacks Applied . | . . . . . . Relay Couplers Released . | . . . . . . Fabnet Peak Effective % . | . . . . . . Robots Rewired . | . . . . . . Allies Hacked . | . . . . . . Hacks Repelled . | . . . . . . Allies | -11 -10 -10 -9 -9 -9 -------- Run | Jun Mat Min Mat Min Exi Total Allies 3 | . . 3 . . . Largest Group 3 | . . 3 . . . Highest-Rated Group 40 | . . 40 . . . Highest-Rated Ally 16 | . . 16 . . . Total Orders . | . . . . . . Ally Attacks 12 | . . 12 . . . Total Damage 126 | . . 126 . . . Kills 2 | . . 2 . . . Allies Corrupted . | . . . . . . Allies Melted . | . . . . . . Intel | -11 -10 -10 -9 -9 -9 ------- Run | Jun Mat Min Mat Min Exi Robot Analysis Total 9 | . 7 . 2 . . Derelict Logs Recovered 2 | . . 1 . 1 . Drone Launches . | . . . . . . Drone Recoveries . | . . . . . . Exploration | -11 -10 -10 -9 -9 -9 ------------- Run | Jun Mat Min Mat Min Exi Turns Passed 3082 | 62 652 151 1495 379 343 Spaces Moved 4068 | 23 1034 352 1584 731 344 Core 142 | 22 74 . 46 . . Treads . | . . . . . . Legs 1 | 1 . . . . . Wheels . | . . . . . . Hover . | . . . . . . Flight 3925 | . 960 352 1538 731 344 Fastest Speed 23 | 50 31 28 23 23 23 Average Speed 30 | 53 34 28 31 23 30 Slowest Speed 120 | 120 50 31 114 23 34 Overloaded Moves . | . . . . . . Propulsion Burnouts . | . . . . . . Robots Hopped 15 | . 1 9 4 1 . Cave-ins Triggered . | . . . . . . Exploration Rate (%) 68 | 4 97 74 96 96 44 Regions Visited 5 Branch Regions 3 Pre-discovered Areas 3 | . 1 . 2 . . Known Exits Taken 1 | . . . 1 . . Unknown Exits Taken 4 | 1 1 1 . 1 . Scrap Searched 3 | . . 1 . 2 . Spaces Dug 8 | . 8 . . . . Terrain Destroyed 678 | . 346 54 253 12 13 Melee . | . . . . . . Projectile 13 | . . . . . 13 AOE 665 | . 346 54 253 12 . Terrain Rammed . | . . . . . . Walls Destroyed . | . . . . . . Machines Disabled . | . . . . . . Actions | -11 -10 -10 -9 -9 -9 --------- Run | Jun Mat Min Mat Min Exi Total 5247 | 56 1257 381 2200 862 491 Wait 500 | 14 121 15 279 50 21 Move 4033 | 22 1031 333 1575 728 344 Hop 15 | . 1 9 4 1 . Pick Up 20 | . 3 . 6 4 7 Fast Attach 44 | 3 8 3 18 6 6 Attach 5 | . 2 . 2 . 1 Detach 1 | . . . . 1 . Swap 15 | . 2 1 9 3 . Drop 52 | 2 4 3 15 11 17 Fire 416 | 15 70 13 234 33 51 Melee 11 | . . . . 11 . Ram . | . . . . . . Kick . | . . . . . . Crush . | . . . . . . Escape Stasis . | . . . . . . Rewire . | . . . . . . Trap . | . . . . . . Miscellaneous 135 | . 15 4 58 14 44 Route ------- -11/Junkyard -10/Materials (discovered 4 exits: *Mat x3 / [*Min]) -10/Mines -9/Materials (discovered 6 exits: [*Mat x3] / *Min / *Sto x2) -9/Mines (discovered 3 exits: [*Mat x2] / *Exi) -9/Exiles (discovered 1 exit: [*Min]) History --------- Turn | Location | Event 25 | -11/Junkyard | Discovered new exit (range 1) 27 | -11/Junkyard | Upgraded with Propulsion slot (x1) 27 | -11/Junkyard | Upgraded with Utility slot (x3) 63 | -11/Junkyard | Entered Materials 100 | -10/Materials | Discovered new exit (range 8) 188 | -10/Materials | Reached level 2 191 | -10/Materials | Upgraded with Propulsion slot (x1) 224 | -10/Materials | Discovered new exit (range 14) 232 | -10/Materials | Destroyed 10 combat bots 354 | -10/Materials | Core integrity fell below 50% 354 | -10/Materials | Discovered new exit (range 16) 403 | -10/Materials | Reached level 3 423 | -10/Materials | Build established: Scavenger-Mutant 508 | -10/Materials | Upgraded with Propulsion slot (x1) 628 | -10/Materials | Reached level 4 630 | -10/Materials | Upgraded with Propulsion slot (x1) 630 | -10/Materials | Upgraded with Weapon slot (x1) 660 | -10/Materials | Discovered new exit (range 14) 715 | -10/Materials | Entered Mines 716 | -10/Mines | Assembled infested the area 717 | -10/Mines | Learned Materials non-interactive machine intel 750 | -10/Mines | Found a hidden stash of uninstalled traps 805 | -10/Mines | Destroyed 16 combat bots 813 | -10/Mines | Assisted by bots powering up and referring to "LRC-V3" 827 | -10/Mines | A weapon hastily lodged in a ceiling crevice suddenly fell to the ground 858 | -10/Mines | Discovered new exit (range 12) 866 | -10/Mines | Entered Materials 867 | -9/Materials | Loaded intel: 29 non-interactive machine locations 868 | -9/Materials | Reached level 5 873 | -9/Materials | Upgraded with Weapon slot (x1) 948 | -9/Materials | Reached level 6 959 | -9/Materials | Core integrity fell below 50% 1003 | -9/Materials | Core integrity fell below 20% 1060 | -9/Materials | Discovered new exit (range 8) 1168 | -9/Materials | Reached level 7 1193 | -9/Materials | Upgraded with Propulsion slot (x1) 1266 | -9/Materials | First assault squad dispatched 1308 | -9/Materials | Discovered new exit (range 15) 1316 | -9/Materials | Discovered new exit (range 9) 1325 | -9/Materials | Reached level 8 1332 | -9/Materials | Upgraded with Utility slot (x1) 1411 | -9/Materials | Build established: Scavenger-Sprinter 1647 | -9/Materials | Reached level 9 1657 | -9/Materials | Identified exit to Mines 1657 | -9/Materials | Identified exit to Storage 1788 | -9/Materials | Destroyed 7 combat bots 1808 | -9/Materials | Discovered new exit (range 10) 1996 | -9/Materials | Discovered new exit (range 16) 2050 | -9/Materials | Reached level 10 2127 | -9/Materials | Upgraded with Weapon slot (x1) 2351 | -9/Materials | Sterilization system engaged 2351 | -9/Materials | Non-combat units ordered to evacuate 2358 | -9/Materials | Destroyed 8 combat bots 2361 | -9/Materials | Entered Mines 2400 | -9/Mines | Received a Rocket Launcher from a helpful Derelict 2471 | -9/Mines | Joined a pair of Derelicts in attacking an 0b10 outpost 2514 | -9/Mines | Discovered new exit (range 5) 2523 | -9/Mines | Deemed a non-threat by the Exiles lab entrance 2538 | -9/Mines | Discovered new exit (range 4) 2548 | -9/Mines | Discovered new exit (range 15) 2572 | -9/Mines | Met a Derelict shopkeep closing up shop 2740 | -9/Mines | Entered Exiles 2742 | -9/Exiles | Reached level 11 2746 | -9/Exiles | Met 8R-AWN 2750 | -9/Exiles | Met EX-HEX 2761 | -9/Exiles | Met EX-BIN 2763 | -9/Exiles | Aligned with FarCom system 2764 | -9/Exiles | Given EX-Vault access code 2769 | -9/Exiles | Opened EX-Vault 2772 | -9/Exiles | Found Flying Fortress v7 2781 | -9/Exiles | Warned to stay clear of 0b10 Research branches 2787 | -9/Exiles | Exiles lab attacked by MAIN.C 2956 | -9/Exiles | Destroyed 16 combat bots 3004 | -9/Exiles | Discovered new exit (range 15) 3068 | -9/Exiles | Attacked by the Exiles 3083 | -9/Exiles | Self-destructed Last Messages --------------- 03059_ Slug penetrates Wall. 03064_ Slug penetrates Machine. 03066_ P-60 Hacker destroyed. 03067_ Slug penetrates as-58455. 03067_ Slug penetrates as-70899. 03067_ as-70899 destroyed. 03068_ EXILES: Additional hostile detected within perimeter. 03068_ Slug penetrates as-58455. 03068_ as-58455 destroyed. 03069_ Slug penetrates P-60 Hacker. 03070_ P-60 Hacker destroyed. 03070_ Switching to secondary target: H-55 Commando. 03072_ G-34 Mercenary destroyed. 03073_ Machine disabled. 03076_ as-33976 suffers critical hit (Destroy). 03076_ Destroyed Asb. Rifle. 03076_ Slug penetrates as-33976. 03076_ as-33976 destroyed. 03076_ Switching to secondary target: G-34 Mercenary. 03080_ Slug penetrates Wall. Map ----- +----------------------------------------------------+ | ?#""""""?# #?#########???????????????????????? | | ?##"###??# #?#"""""""#???????????????????????? | | ?????????# #?#"""""""#???????????????????????? | | ?????????# #?#"""""""#???????????????????????? | | ????????## ###"" """"#???????????????????????? | | ????????#" """"#???????????????????????? | | ????????#" """#???????????????????????? | | ????????#" """#???????????????????????? | | ????????#" """#???????????????????????? | | ????????#" """#???????????????????????? | | ????????#" """##??????????????????????? | | ????????## """""??????????????????????? | | ?????????# """##??????????????????????? | | ?????????#" "X" """"???????????????????????? | | ?????????#" """ #???????????????????????? | | ?????????#" """""""""#???????????????????????? | | ????????##" ###########???????????????????????? | | ???????##"" #?????????????????????????????????? | | ??######"" #?????????????????????????????????? | | ?##""""""" ##????????????????????????????????? | | """"" " "" ##???###########?????????????????? | | " """ " #####"""""""""##????????????????? | | " " " """ """"##???????????????? | | "" " #???????????????? | | " """#???????????????? | | @ "a"#???????????##### | | " "##?????????## # | | ""###???????# # | | """""" """#??????## [# | | ######""" "#????### =%= = | | ""#?????#####""" ##???# =%!/= | | """#??????????##""" #####! !*=!%! | | "?"?????????????#"""" g *## |*[**! | | ????????????????#"" g%%%% [!%==[ | | ???????????????#"""" =%%% ## * | | ??????????????"" % "# | | ?????????????" " ""## | | ???????????? ######## | | ??????????? ##??????# # | | ??????????? % %%##???????## # | | ??????????? "" " % % ""#?????????### | | ??????????? ##""" " " ""# % "##???????????? | | ??????????? ???####""" """## " """"##????????????? | | ??????????????????###""""#?#########?????????????? | | ????????????????????#####????????????????????????? | | ?????????????????????????????????????????????????? | | ?????????????????????????????????????????????????? | | ?????????????????????????????????????????????????? | | ?????????????????????????????????????????????????? | | ?????????????????????????????????????????????????? | +----------------------------------------------------+ Best States ------------- Heat Dissipation 59 Energy Generation 23 Energy Capacity 290 Matter Stores 300 Matter Capacity 300 Sight Range 18 Terrain Scan Range 16 Terrain Scan Density 110 Evasion (%) 65 Targeting Accuracy 15 Melee Accuracy 5 Target Analysis 5 Offensive Hacking 15 Defensive Hacking 5 Item Schematics ----------------- Mak. Shrapnel Gun | -9/Materials | Scanalyzed Autogun | -9/Materials | Scanalyzed Robot Schematics ------------------ None Fabricated ------------ Nothing Alien Tech Used ----------------- None Achievements -------------- None Challenges ------------ None RPGLIKE | -11 -10 -10 -9 -9 -9 --------- Run | Jun Mat Min Mat Min Exi Levels Raised 10 | . 3 . 6 . 1 XP Earned 18788 | 3000 4621 902 8454 974 837 XP Spent 17920 | 3000 4500 . 8900 50 1470 Upgrades 30 | 5 8 . 12 1 4 Propulsion Slot 5 | 1 3 . 1 . . Utility Slot 4 | 3 . . 1 . . Weapon Slot 3 | . 1 . 2 . . Heat Dissipation 2 | . . . . 1 1 Energy Generation 1 | . . . 1 . . Mass Support 1 | 1 . . . . . Inventory Capacity 2 | . 1 . 1 . . Sight Range 2 | . . . 1 . 1 Terrain Scan Density 1 | . 1 . . . . Ranged Accuracy 3 | . . . 1 . 2 Hack Attack % 1 | . 1 . . . . Hack Defense % 1 | . 1 . . . . KI Damage % 4 | . . . 4 . . Protomatter Created 1502 | . 112 11 451 337 591 Integrity Restored 2770 | . 309 57 1222 219 963 Core 2538 | . 309 57 1171 90 911 Parts 232 | . . . 51 129 52 Protomatter Decayed 616 | . . . 27 246 343 Game ------ Seed AssembledReactionAxe Manual? 0 Play Time 01:23:20 Cumulative 505.0 hours Start 2023.03.26 @ 23:17:45 End 2023.03.27 @ 11:51:06 Sessions 1 Manual Loads 0 Difficulty Rogue Special Mode Winter2019/RPGLIKE Game No. 538 Rogue 538 Adventurer 0 Explorer 0 Win Type - Total 1 Types 1/0/0/0/0/0/0/0/0 Lore% 61 Gallery% 82 Achievement% 65 Wizard Run 0 Options --------- ASCII 0 Keyboard 0 Movement Mouse Keybinds 0 Fullscreen 2 Font 24/Smallcaps Map View 76x50 Tactical HUD 1 Map Filters NONE Filters NONE Steam 1 RUN: cefa5a19-5592-49f8-b9fb-054437a8d81d